 Dungeon Crawl Stone Soup version 0.18.1-8-gdd0e5ea (console) character file.

32332 Kloppie the Fencer (level 13, -4/122 HPs)
             Began as a Minotaur Fighter on May 26, 2016.
             Was the Champion of Okawaru.
             Splashed by an oklob plant's acid (12 damage)
             ... on level 6 of the Lair of Beasts on May 27, 2016.
             The game lasted 00:38:47 (15623 turns).

Kloppie the Fencer (Minotaur Fighter)              Turns: 15623, Time: 00:38:48

Health: -4/122     AC: 12    Str: 22    XL:     13   Next: 30%
Magic:  17/17      EV:  6    Int:  5    God:    Okawaru [******]
Gold:   779        SH: 14    Dex: 14    Spells: 0 memorised, 12 levels left

rFire  + + .     SeeInvis .     a - +1 scimitar (flame)
rCold  . . .     Gourm    .     x - +2 plate armour {rF+}
rNeg   . . .     Faith    .     c - +0 shield
rPois  +         Spirit   .     (helmet restricted)
rElec  .         Dismiss  .     G - +0 cloak {rPois}
rCorr  .         Reflect  +     U - +0 pair of gloves "Byme" {rF+}
SustAt .         Harm     .     E - +2 pair of boots
MR     +....                    X - +2 amulet of reflection
Stlth  ..........               R - ring of protection from magic
                                r - +1 ring of protection

@: corroded, somewhat resistant to hostile enchantments, extremely unstealthy
A: retaliatory headbutt, horns 2
a: Heroism, Finesse, Renounce Religion


You were on level 6 of the Lair of Beasts.
You worshipped Okawaru.
Okawaru was exalted by your worship.
You were not hungry.

You visited 3 branches of the dungeon, and saw 16 of its levels.
You also visited: Labyrinth.

You collected 779 gold pieces.

Inventory:

Hand Weapons
 a - a +1 scimitar of flaming (weapon)
 b - a +1 falchion of holy wrath
 s - the +2 great sword "Nesuk" {freeze, rC+ Str-4 Int+4 Stlth+}
   (You found it on level 5 of the Lair of Beasts)

   It has been specially enchanted to freeze those struck by it, causing extra
   injury to most foes and up to half again as much damage against particularly
   susceptible opponents.
   It can also slow down cold-blooded creatures.
   It affects your strength (-4).
   It affects your intelligence (+4).
   It protects you from cold.
   It makes you more stealthy.
 T - the +11 triple sword "Guvetes" {flame, -Tele rPois rN+}
   (Okawaru gifted it to you on level 2 of the Lair of Beasts)

   It has been specially enchanted to burn those struck by it, causing extra
   injury to most foes and up to half again as much damage against particularly
   susceptible opponents.
   Big, fiery blades are also staple armaments of hydra-hunters.
   It protects you from poison.
   It protects you from negative energy.
   It prevents most forms of teleportation.
Armour
 c - a +0 shield (worn)
 x - a +2 plate armour of fire resistance (worn)
 E - a +2 pair of boots (worn)
 G - a +0 cloak of poison resistance (worn)
 U - the +0 pair of gloves "Byme" (worn) {rF+}
   (Okawaru gifted it to you on level 3 of the Lair of Beasts)

   It protects you from fire.
Jewellery
 r - a +1 ring of protection (left hand)
 D - an uncursed amulet of rage
 K - an uncursed ring of positive energy
 M - an uncursed ring of flight
 R - a ring of protection from magic (right hand)
 X - a +2 amulet of reflection (around neck)
Wands
 l - a wand of iceblast (7/15)
 p - a wand of lightning (1/15)
 v - a wand of digging (16/24)
 w - a wand of flame (35/48)
 B - a wand of digging (2/24)
 L - a wand of iceblast (6/15)
 Q - a wand of slowing (18/48)
Scrolls
 i - 2 scrolls of teleportation
 k - 2 scrolls of enchant armour
 o - 10 scrolls of remove curse
 u - 3 scrolls of magic mapping
 y - 3 scrolls of fog
 A - 10 scrolls of recharging
 H - 3 scrolls of identify
 N - 3 scrolls of fear
Potions
 d - 2 potions of might
 e - a potion of cure mutation
 j - 6 potions of curing
 n - 3 potions of haste
 z - a potion of resistance
 F - 4 potions of heal wounds
 I - a potion of agility
 J - a potion of invisibility
 P - 2 potions of lignification
 S - 2 potions of cancellation {unknown}
 W - 2 potions of berserk rage {unknown}
Books
 t - a book of Maledictions

   Spells                             Type                      Level
   a - Corona                         Hexes                        1
   b - Ensorcelled Hibernation        Hexes/Ice                    2
   c - Confuse                        Hexes                        3
   d - Tukima's Dance                 Hexes                        3
   e - Dazzling Spray                 Conjuration/Hexes            3
Miscellaneous
 C - a box of beasts
Comestibles
 f - 8 bread rations
 g - 13 meat rations
 h - 2 beef jerkies
 q - 3 fruits


   Skills:
 - Level 13.1 Fighting
 + Level 16.1 Long Blades
 + Level 11.2 Armour
 - Level 10.7 Shields
 - Level 7.7 Invocations


You had 12 spell levels left.
You didn't know any spells.

Dungeon Overview and Level Annotations

Branches:
Dungeon (9/15)             Temple (1/1) D:5            Lair (6/8) D:9
  Swamp (0/4) Lair:5       Spider (0/4) Lair:5
  Slime: Lair:6-8       Orc: D:9-12

Altars:
Ashenzari
Cheibriados
Dithmenos
Elyvilon
Fedhas
Gozag
Kikubaaqudgha
Makhleb
Nemelex Xobeh
Okawaru
Pakellas
Qazlal
Ru
Sif Muna
Trog
Vehumet
Xom
Yredelemnul
Zin
The Shining One

Shops:
D:9 *

Annotations:
Lair:2 exclusion: oklob plant
Lair:6 exclusion: oklob plant


Innate Abilities, Weirdness & Mutations

You reflexively headbutt those who attack you in melee.
You have a pair of horns on your head.


Message History

You hit the oklob plant but do no damage.
The oklob plant is moderately damaged.
You hit the oklob plant but do no damage.
You headbutt the oklob plant!
The oklob plant is heavily damaged.
You hit the oklob plant but do no damage.
The oklob plant is heavily damaged.
The oklob plant spits acid at you. The splash of acid hits you!
* * * LOW HITPOINT WARNING * * *
The acid burns!
* * * LOW HITPOINT WARNING * * *
You slash the oklob plant! You burn the oklob plant.
You headbutt the oklob plant, but do no damage.
The oklob plant is severely damaged.
The oklob plant spits acid at you. The splash of acid hits you!
* * * LOW HITPOINT WARNING * * *
The acid corrodes you!
The acid burns!
You die...

...........#..P####..##..####....
..................##..##..# ##.#P
.....................##..## ####
.......#.P...........P##..#######
....P........).#.#...##..P##...##
......#..............###.......>.
#....###....#....=...##......##..
#...####...##...PPP..........#.#.
#.....###...##.?@PP$##..##...)#..
P......###.P#...PPP..### #..###P.
...#..####.......!..## #P..##..
...#.###....#.P......## #..P##..
.....##>...####.......# ###..#.#.
.....##.P...##.......####...#..#.
.P...##P...#..#...P..##..#..##...
.............................<...
...(.....P..P..P..#....#.........


You could see an oklob plant.

Vanquished Creatures
  Maud (Lair:6)
  A minotaur (Lab)
  A hydra (Lair:4)
  Erica (Lair:1)
  4 death yaks (Lair:6)
  The ghost of abcd123 the Destroyer, a novice NaWz of Vehumet (D:8)
  A griffon (Lair:4)
  3 elephants
  2 black mambas
  Psyche (D:8)
  The ghost of Gargoyl the Covered, a novice DsAK of Lugonu (D:7)
  5 spiny frogs
  5 rime drakes
  4 komodo dragons
  The ghost of Enteridas the Thaumaturge, a novice DEWz of Vehumet (D:5)
  A troll (D:9)
  2 polar bears
  15 blink frogs
  2 redbacks
  A shadow (Lab)
  A wyvern (Lair:4)
  36 yaks
  7 hippogriffs
  3 hungry ghosts (Lab)
  2 basilisks
  14 water moccasins
  13 porcupines
  5 orc warriors
  A black bear (Lair:1)
  An ice beast (D:9)
  A sky beast (D:8)
  7 ogres
  2 centaurs (D:7)
  9 crocodiles
  3 big kobolds
  12 giant frogs
  A scorpion (D:6)
  5 wights (D:6)
  2 crimson imps
  2 jellies (D:9)
  4 hounds
  Crazy Yiuf (D:4)
  4 gnoll shamans (D:7)
  A centaur zombie (D:6)
  8 orc priests
  9 orc wizards
  2 giant frog skeletons
  Terence (D:2)
  3 iguanas
  Natasha (thrice) (D:2)
  8 worker ants
  14 sheep
  2 hound zombies
  A hound skeleton (D:9)
  12 adders
  8 gnolls (D:7)
  25 river rats
  2 shadow imps
  2 oozes
  An adder skeleton (D:9)
  8 worms
  A giant gecko (D:8)
  29 orcs
  5 giant cockroaches
  6 goblins
  4 hobgoblins
  3 jackals (D:3)
  8 kobolds
  A quokka (D:3)
  3 ball pythons
  5 bats
  5 giant newts
  2 goblin skeletons (D:4)
  A goblin zombie (D:4)
  A jackal zombie (D:5)
  2 kobold skeletons (D:4)
  An orc skeleton (D:4)
  An orc zombie (D:4)
  A quokka zombie (D:6)
  12 rats
  A spectral orc (D:3)
  A bush (Lair:6)
  4 fungi (D:7)
  A plant (D:7)
397 creatures vanquished.

Vanquished Creatures (collateral kills)
  A hydra (Lair:5)
1 creature vanquished.

Vanquished Creatures (others)
  5 fungi
  5 plants
  14 toadstools (Lair:2)
24 creatures vanquished.

Grand Total: 422 creatures vanquished

Notes
Turn   | Place    | Note
--------------------------------------------------------------
     0 | D:1      | Kloppie the Minotaur Fighter began the quest for the Orb.
     0 | D:1      | Reached XP level 1. HP: 19/19 MP: 0/0
   125 | D:1      | Reached XP level 2. HP: 25/27 MP: 1/1
   382 | D:1      | Reached skill level 3 in Long Blades
   733 | D:2      | Reached XP level 3. HP: 25/33 MP: 2/2
   800 | D:2      | Noticed Terence
   821 | D:2      | Killed Terence
   821 | D:2      | Reached XP level 4. HP: 37/41 MP: 3/3
   877 | D:2      | Found an ancient bone altar of Kikubaaqudgha.
   877 | D:2      | Noticed Natasha
   878 | D:2      | Killed Natasha
   989 | D:2      | Noticed Natasha
   997 | D:2      | Killed Natasha
   997 | D:2      | Reached skill level 4 in Long Blades
   997 | D:2      | Reached skill level 5 in Armour
  1053 | D:2      | Reached XP level 5. HP: 47/47 MP: 4/4
  1106 | D:2      | Found a deep blue altar of Sif Muna.
  1224 | D:2      | Noticed Natasha
  1229 | D:2      | Killed Natasha
  1339 | D:3      | Reached skill level 5 in Fighting
  1681 | D:3      | Found a basalt altar of Yredelemnul.
  1828 | D:4      | Reached XP level 6. HP: 56/56 MP: 5/5
  1925 | D:4      | Found a stormy altar of Qazlal.
  1958 | D:4      | Found a glowing golden altar of the Shining One.
  1972 | D:4      | Reached skill level 5 in Long Blades
  2267 | D:4      | Found Tush's Food Boutique.
  2295 | D:4      | Noticed Crazy Yiuf
  2313 | D:4      | Killed Crazy Yiuf
  2313 | D:4      | Reached XP level 7. HP: 41/63 MP: 6/6
  2630 | D:5      | Entered Level 5 of the Dungeon
  2630 | D:5      | Noticed Enteridas's ghost (novice DEWz)
  2636 | D:5      | Killed Enteridas's ghost
  2636 | D:5      | Reached skill level 6 in Long Blades
  2884 | D:5      | Found a staircase to the Ecumenical Temple.
  2919 | Temple   | Entered the Ecumenical Temple
  2969 | Temple   | Became a worshipper of Warmaster Okawaru
  3290 | D:5      | Found an opulent altar of Gozag.
  3571 | D:5      | Reached XP level 8. HP: 73/73 MP: 7/7
  3589 | D:5      | Reached skill level 7 in Long Blades
  3702 | D:5      | Found a blossoming altar of Fedhas.
  4052 | D:6      | Reached * piety under Okawaru
  4468 | D:6      | Reached skill level 8 in Long Blades
  4706 | D:7      | Reached skill level 5 in Shields
  4753 | D:7      | Found a radiant altar of Vehumet.
  4792 | D:7      | Found a sacrificial altar of Ru.
  4826 | D:7      | Reached ** piety under Okawaru
  4826 | D:7      | Reached XP level 9. HP: 69/83 MP: 8/8
  5061 | D:7      | Noticed Gargoyl's ghost (novice DsAK)
  5090 | D:7      | Killed Gargoyl's ghost
  5090 | D:7      | Reached skill level 9 in Long Blades
  5606 | D:7      | Reached skill level 10 in Fighting
  5778 | D:7      | Reached *** piety under Okawaru
  6072 | D:7      | Found a snail-covered altar of Cheibriados.
  6076 | D:7      | Reached skill level 10 in Long Blades
  6565 | D:8      | Noticed Psyche
  6602 | D:8      | Killed Psyche
  6602 | D:8      | Reached XP level 10. HP: 94/94 MP: 9/9
  7124 | D:8      | Noticed abcd123's ghost (novice NaWz)
  7135 | D:8      | Killed abcd123's ghost
  7135 | D:8      | Reached **** piety under Okawaru
  7250 | D:8      | Found a burning altar of Makhleb.
  7250 | D:8      | Found a bloodstained altar of Trog.
  7250 | D:8      | Found an opulent altar of Gozag.
  7656 | D:9      | Found a staircase to the Lair.
  7676 | D:9      | Reached skill level 11 in Long Blades
  8000 | D:9      | Found a white marble altar of Elyvilon.
  8032 | D:9      | Found Ilih's Assorted Antiques.
  8443 | Lair:1   | Entered Level 1 of the Lair of Beasts
  8491 | Lair:1   | Noticed Erica
  8512 | Lair:1   | Killed Erica
  8590 | Lair:1   | Reached skill level 10 in Shields
  8903 | Lair:1   | Reached ***** piety under Okawaru
  8951 | Lair:1   | Reached XP level 11. HP: 104/104 MP: 10/10
  9144 | Lair:1   | Reached skill level 12 in Long Blades
  9616 | Lair:2   | Found an oddly glowing altar of Pakellas.
  9948 | Lair:2   | Received a gift from Okawaru
 10326 | Lair:2   | Got an iridescent triple sword {god gift}
 10327 | Lair:2   | Identified the +11 triple sword "Guvetes" {flame, -Tele rPois rN+} (Okawaru gifted it to you on level 2 of the Lair of Beasts)
 10619 | Lair:2   | Found a blossoming altar of Fedhas.
 10641 | Lair:2   | Noticed an oklob plant
 10915 | Lair:3   | Reached skill level 13 in Long Blades
 10999 | Lair:3   | Found a labyrinth entrance.
 11013 | Lab      | Entered a labyrinth
 11208 | Lab      | Found an exit through the horrors of the Abyss.
 11270 | Lab      | Reached ****** piety under Okawaru
 11270 | Lab      | Reached skill level 10 in Armour
 11335 | Lab      | Noticed a minotaur
 11345 | Lab      | Killed a minotaur
 11345 | Lab      | Reached XP level 12. HP: 64/115 MP: 8/11
 11347 | Lab      | Got a faintly glowing robe
 12019 | Lair:3   | Received a gift from Okawaru
 12028 | Lair:3   | Got a pair of twisted gloves {god gift}
 12034 | Lair:3   | Identified the +0 pair of gloves "Byme" {rF+} (Okawaru gifted it to you on level 3 of the Lair of Beasts)
 12267 | Lair:1   | Identified a +8 rod of inaccuracy (10/10) (You found it in a labyrinth)
 12268 | Lair:1   | Identified a +4 rod of inaccuracy (12/12) (You found it in a labyrinth)
 12455 | Lair:4   | Reached skill level 14 in Long Blades
 12478 | Lair:4   | Noticed a four-headed hydra
 12482 | Lair:4   | Reached skill level 1 in Invocations
 12801 | Lair:4   | Killed a one-headed hydra
 13660 | Lair:5   | Got a jewelled great sword
 13717 | Lair:5   | Reached skill level 15 in Long Blades
 13717 | Lair:5   | Reached skill level 5 in Invocations
 13821 | Lair:5   | Found a staircase to the Swamp.
 13843 | Lair:5   | Noticed a seven-headed hydra
 13848 | Lair:5   | Killed a seven-headed hydra
 13883 | Lair:5   | Found a hole to the Spider Nest.
 13912 | Lair:5   | Identified the +2 great sword "Nesuk" {freeze, rC+ Str-4 Int+4 Stlth+} (You found it on level 5 of the Lair of Beasts)
 14392 | Lair:6   | Received a gift from Okawaru
 14576 | Lair:6   | Reached XP level 13. HP: 114/122 MP: 16/16
 15311 | Lair:6   | Noticed Maud
 15329 | Lair:6   | Killed Maud
 15329 | Lair:6   | Reached skill level 16 in Long Blades
 15623 | Lair:6   | Splashed by an oklob plant's acid

Skill      XL: |  1  2  3  4  5  6  7  8  9 10 11 12 13 |
---------------+----------------------------------------+-----
Long Blades    | 3 4 5 6 8 10 11 13 15 16 | 16.1
Armour         | 4 5 6 7 8 10 11 | 11.2
Fighting       | 4 5 6 7 9 10 12 13 | 13.1
Shields        | 5 8 10 | 10.7
Invocations    | 6 7 |  7.7

Action                   |  1- 3 |  4- 6 |  7- 9 | 10-12 | 13-15 || total
-------------------------+-------+-------+-------+-------+-------++-------
Melee: Long sword        |    72 |   212 |   376 |   177 |       ||   837
       Headbutt          |    10 |    37 |    84 |   183 |    33 ||   347
       Unarmed           |       |    10 |       |       |       ||    10
       Scimitar          |       |       |       |   595 |   138 ||   733
Invok: Heroism           |       |       |     3 |     5 |     2 ||    10
Evoke: Wand              |       |       |     2 |       |       ||     2
  Use: Potion            |       |       |     3 |     2 |     1 ||     6
       Scroll            |       |       |    12 |    17 |     1 ||    30
  Eat: Chunk             |       |     5 |    14 |    30 |       ||    49
       Meat ration       |       |       |       |     2 |     1 ||     3
       Beef jerky        |       |       |       |     1 |       ||     1
Armor: Scale mail        |    13 |       |       |       |       ||    13
       Chain mail        |       |    97 |   189 |   313 |    33 ||   632
       Plate armour      |       |       |       |       |     9 ||     9
Dodge: Dodged            |    21 |    43 |    73 |   115 |    19 ||   271
Block: Shield            |    46 |    98 |   183 |   440 |    72 ||   839
       Reflection        |       |       |       |     2 |     2 ||     4
